 Dungeon Crawl Stone Soup version 0.31-a0-971-g75a2e9a4b4 (webtiles) character file.

Game seed: 14563660174203725850

1835787 MackTheKnife the Intangible (level 26, 239/239 HPs)
             Began as a Minotaur Hunter on Oct 27, 2023.
             Was a High Priest of Hepliaklqana.
             Escaped with the Orb
             ... and 3 runes on Oct 28, 2023!
             The game lasted 02:03:54 (58213 turns).

MackTheKnife the Intangible (Minotaur Hunter)      Turns: 58213, Time: 02:03:55

Health: 239/239    AC: 26    Str: 15 (16) XL:     26   Next: 72%
Magic:  20/20      EV: 43    Int:  5      God:    Hepliaklqana [*****.]
Gold:   1886       SH:  9    Dex: 30      Spells: 19/25 levels left

rFire   + + .        b - +6 arbalest of the Fresh God {freeze, rF+ SInv, crossbow}
rCold   + + +        (shield currently unavailable)
rNeg    + + .        R - +5 ring mail {rPois}
rPois   +            (helmet unavailable)
rElec   +            Z - +4 cloak "Joghu" {rC+ Will++}
rCorr   .            i - +3 pair of gloves "Paxiomm" {rN++ Dex+2}
SInv    +            q - +1 pair of boots "Eroxtaumm" {rC+++ Will+++ MP-9 Int-5}
Will    +++++        H - amulet of reflection
Stlth   +            v - ring of Cyoq {Drain Fly rElec rC+ Dex+2, =R}
HPRegen 0.59/turn    C - ring "Tihot" {rF+ EV+5 Int+4}
MPRegen 0.17/turn

%: reflection
@: flying
A: reduced essence, horns 3, retaliatory headbutt, large bone plates 1, deformed
body, mutation resistance 1, shaggy fur 1, subdued magic 1
0: Orb of Zot
}: 3/15 runes: barnacled, silver, gossamer
a: Renounce Religion, Recall Ancestor, Ancestor Identity, Transference, Idealise


You escaped.
You worshipped Hepliaklqana.
Hepliaklqana was extremely pleased with you.
You visited 10 branches of the dungeon, and saw 48 of its levels.
You also visited: Sewer, Bailey and Desolation.

You collected 7962 gold pieces.
You spent 6076 gold pieces at shops.


Innate Abilities, Weirdness & Mutations

Your life essence is reduced to manifest your ancestor. (-10% HP)
You have a pair of large horns on your head.
You reflexively headbutt those who attack you in melee.
You are partially covered in large bone plates. (SH +4)
Armour fits poorly on your strangely shaped body.
You are somewhat resistant to further mutation.
You are covered in fur. (AC +1)
Your spells are a little easier to cast, but a little less powerful.


   Skills:
 O Level 27 Fighting
 O Level 27 Ranged Weapons
 + Level 20.4 Armour
 O Level 27 Dodging
 - Level 4.0 Stealth
 - Level 6.0 Transmutations
 - Level 10.0 Invocations
 - Level 10.0 Evocations


You had 19 spell levels left.
You knew the following spells:

 Your Spells              Type           Power      Damage    Failure   Level
a - Dimensional Bullseye  Hex/Tloc       0%         N/A       100%        4
b - Wereblood             Tmut           4%         N/A       8%          2

Your spell library contained the following spells:

 Spells                   Type           Power      Damage    Failure   Level
 Sting                    Tmut/Pois      8%         1d3       19%         1
 Freeze                   Ice            0%         1d3       56%         1
 Magic Dart               Conj           0%         1d3       56%         1
 Necrotise                Necr           0%         1d4       56%         1
 Shock                    Conj/Air       0%         1d3       56%         1
 Slow                     Hex            0%         N/A       56%         1
 Summon Small Mammal      Summ           0%         N/A       56%         1
 Ensorcelled Hibernation  Hex/Ice        0%         N/A       71%         2
 Jinxbite                 Hex            0%         N/A       71%         2
 Poisonous Vapours        Pois/Air       0%         N/A       71%         2
 Scorch                   Fire           0%         2d5       71%         2
 Static Discharge         Conj/Air       0%         3-3/arc   71%         2
 Sublimation of Blood     Necr           0%         N/A       71%         2
 Petrify                  Tmut/Erth      2%         N/A       90%         4
 Call Canine Familiar     Summ           0%         N/A       91%         3
 Confusing Touch          Hex            0%         N/A       91%         3
 Frozen Ramparts          Ice            0%         1d1       91%         3
 Gell's Gravitas          Tloc           0%         N/A       91%         3
 Hailstorm                Conj/Ice       0%         3d3       91%         3
 Ozocubu's Armour         Ice            0%         N/A       91%         3
 Sigil of Binding         Hex            0%         N/A       91%         3
 Stone Arrow              Conj/Erth      0%         3d7       91%         3
 Summon Guardian Golem    Hex/Summ       0%         N/A       91%         3
 Swiftness                Air            0%         N/A       91%         3
 Teleport Other           Tloc           0%         N/A       91%         3
 Tukima's Dance           Hex            0%         N/A       91%         3
 Vampiric Draining        Necr           0%         2d6       91%         3
 Volatile Blastmotes      Fire/Tloc      0%         2d10      91%         3
 Irradiate                Conj/Tmut      1%         3d12      99%         5
 Yara's Violent Unravell  Hex/Tmut       1%         3d3       99%         5
 Airstrike                Air            0%         2d(0-16)  100%        4
 Anguish                  Hex/Necr       0%         N/A       100%        4
 Animate Armour           Summ/Erth      0%         N/A       100%        4
 Brom's Barrelling Bould  Conj/Erth      0%         2d3       100%        4
 Cause Fear               Hex            0%         N/A       100%        4
 Flame Wave               Conj/Fire      0%         2d4       100%        4
 Leda's Liquefaction      Hex/Erth       0%         N/A       100%        4
 Manifold Assault         Tloc           0%         N/A       100%        4
 Olgreb's Toxic Radiance  Pois           0%         N/A       100%        4
 Passage of Golubria      Tloc           0%         N/A       100%        4
 Sticky Flame             Conj/Fire      0%         2d3       100%        4
 Summon Lightning Spire   Summ/Air       0%         N/A       100%        4
 Vhi's Electric Charge    Tloc/Air       0%         N/A       100%        4
 Agony                    Necr           0%         N/A       100%        5
 Arcjolt                  Conj/Air       0%         1d10      100%        5
 Fireball                 Conj/Fire      0%         3d3       100%        5
 Iskenderun's Battlesphe  Conj           0%         2d6       100%        5
 Silence                  Hex/Air        0%         N/A       100%        5
 Summon Forest            Summ/Tloc      0%         N/A       100%        5
 Summon Mana Viper        Hex/Summ       0%         N/A       100%        5
 Conjure Ball Lightning   Conj/Air       0%         3x3d6     100%        6
 Dispersal                Tloc           0%         N/A       100%        6
 Plasma Beam              Fire/Air       0%         2x1d10    100%        6
 Summon Cactus Giant      Summ           0%         N/A       100%        6
 Orb of Destruction       Conj           0%         9d5       100%        7
 Ozocubu's Refrigeration  Ice            0%         4d7       100%        7
 Spellforged Servitor     Conj/Summ      0%         N/A       100%        7
 Discord                  Hex            0%         N/A       100%        8
 Disjunction              Tloc           0%         N/A       100%        8
 Ignition                 Fire           0%         3d3       100%        8
 Lehudib's Crystal Spear  Conj/Erth      0%         10d2      100%        8
 Chain Lightning          Conj/Air       0%         N/A       100%        9
 Dragon's Call            Summ           0%         N/A       100%        9
 Fire Storm               Conj/Fire      0%         5d1       100%        9
 Shatter                  Erth           0%         3d5*      100%        9

Inventory:

Hand Weapons
 a - a +9 longbow of flaming {bow}
   (You took it off a satyr on level 1 of the Shoals)
 b - the +6 arbalest of the Fresh God (weapon) {freeze, rF+ SInv, crossbow}
   (You took it off a deep elf archer on level 3 of the Elven Halls)

   rF+:       It protects you from fire.
   SInv:      It lets you see invisible.
Armour
 i - the +3 pair of gloves "Paxiomm" (worn) {rN++ Dex+2}
   (You acquired it on level 2 of the Shoals)

   Dex+2:     It affects your dexterity (+2).
   rN++:      It greatly protects you from negative energy.
 q - the +1 pair of boots "Eroxtaumm" (worn) {rC+++ Will+++ MP-9 Int-5}
   (You acquired it on level 3 of the Depths)

   Int-5:     It affects your intelligence (-5).
   rC+++:     It renders you almost immune to cold.
   Will+++:   It greatly increases your willpower.
   MP-9:      It affects your magic capacity (-9).
 x - +5 steam dragon scales
   (You found it on level 8 of the Dungeon)
 Q - the +2 pair of boots of Fallacy {Str+2}
   (You found it on level 5 of the Vaults)

   Str+2:     It affects your strength (+2).
 R - a +5 ring mail of poison resistance (worn)
   (You took it off a vault guard on level 5 of the Vaults)
 X - the +3 pair of seven-league boots {Rampage+∞}
   (You found it in the Desolation of Salt)

   Rampage+∞: When moving toward enemies, its wearer moves as far as possible,
   alerting their target en route.
 Z - the +4 cloak "Joghu" (worn) {rC+ Will++}
   (You found it in the Desolation of Salt)

   rC+:       It protects you from cold.
   Will++:    It greatly increases your willpower.
Jewellery
 v - the ring of Cyoq (left hand) {Drain Fly rElec rC+ Dex+2, =R}
   (You found it in the Desolation of Salt)

   [ring of flight]

   Dex+2:     It affects your dexterity (+2).
   rC+:       It protects you from cold.
   rElec:     It insulates you from electricity.
   Fly:       It grants you flight.
   Drain:     It drains your maximum health when unequipped.
 C - the ring "Tihot" (right hand) {rF+ EV+5 Int+4}
   (You took it off a deep elf sorcerer on level 3 of the Elven Halls)

   [ring of evasion]

   EV+5:      It affects your evasion (+5).
   Int+4:     It affects your intelligence (+4).
   rF+:       It protects you from fire.
 H - an amulet of reflection (around neck)
   (You found it on level 3 of the Depths)
Wands
 m - a wand of roots (46)
   (You found it on level 1 of the Shoals)
 t - a wand of polymorph (49)
   (You found it on level 8 of the Dungeon)
 u - a wand of flame (94)
   (You found it on level 5 of the Lair of Beasts)
 F - a wand of light (4)
   (You found it on level 4 of the Vaults)
 G - a wand of digging (6)
   (You found it on level 2 of the Lair of Beasts)
 J - a wand of charming (47)
   (You found it on level 5 of the Lair of Beasts)
 L - a wand of mindburst (29)
   (You found it on level 5 of the Lair of Beasts)
Scrolls
 d - 4 scrolls of immolation {!r!r}
 g - 9 scrolls of teleportation {@r4}
 j - 9 scrolls of fog
 l - 3 scrolls of enchant armour
 p - 2 scrolls of enchant weapon
 w - 5 scrolls of silence {!r}
 y - a scroll of summoning
 B - 9 scrolls of fear
 I - 5 scrolls of poison {!r}
 U - 6 scrolls of blinking {!r}
 Y - 5 scrolls of vulnerability {!r!r}
Potions
 c - 13 potions of enlightenment
 e - 7 potions of mutation {!q}
 f - 3 potions of berserk rage {!q}
 h - 8 potions of magic
 o - 5 potions of lignification {!q}
 r - 7 potions of might
 s - 3 potions of haste {@q3}
 z - 12 potions of heal wounds {@q2}
 D - 32 potions of curing {@q1}
 E - 7 potions of cancellation
 M - 3 potions of invisibility
 O - 9 potions of resistance
 P - 6 potions of attraction {!q}
 W - 2 potions of ambrosia
Miscellaneous
 k - a tin of tremorstones (2/2) {throwing}
   (You found it on level 5 of the Vaults)
 n - a phantom mirror
   (You found it on level 5 of the Vaults)
 K - a lightning rod (4/4)
   (You found it on level 5 of the Vaults)
 N - a phial of floods
   (You found it on level 5 of the Lair of Beasts)

Dungeon Overview and Level Annotations

Branches:
Dungeon (15/15)            Temple (1/1) D:4            Lair (5/5) D:8
 Shoals (4/4) Lair:3       Spider (4/4) Lair:2        Slime (0/5) Lair:4
    Orc (2/2) D:12            Elf (3/3) Orc:2        Vaults (5/5) D:14
  Crypt (0/3) Vaults:3     Depths (4/4) D:15            Zot (5/5) Depths:4
  Sewer (visited)          Bailey (visited)         Desolation (visited)

Altars:
Ashenzari
Cheibriados
Dithmenos
Elyvilon
Fedhas
Gozag
Hepliaklqana
Kikubaaqudgha
Makhleb
Nemelex Xobeh
Okawaru
Qazlal
Ru
Sif Muna
Trog
Uskayaw
Vehumet
Wu Jian
Xom
Yredelemnul
Zin
The Shining One

Shops:
D:1 ?**?   D:6 ?   D:11 [   Orc:2 (:[*   Elf:1 [   Elf:2 =   Shoals:1 !
Shoals:3 [   Vaults:3 (   Depths:1 =:=:[[   Depths:2 *

Portals:
Hell: Depths:1 Depths:2 Depths:3 Depths:4
Abyss: Depths:3
Pandemonium: Depths:2 Depths:3 Depths:4
Ziggurat: Depths:1

Annotations:
D:4 3 runed translucent doors, MrCrawl's ghost, amateur DrFE
D:7 3 runed translucent doors, t4s4d4r's ghost, novice DsFi
D:12 2 transporters, disskorpion's ghost, journeyman DsGl
D:14 Roxanne
Lair:4 exclusion: downstairs
Spider:3 Bai Suzhen
Elf:2 3 runed translucent doors
Vaults:1 1 runed translucent door, DEFE's ghost, adept DsFi
Vaults:2 1 transporter
Zot:2 1 transporter
Zot:5 2 transporters, exclusion: 2 upstairs, sentinel's ghost, legendary TeWr

♣♣♣...♣ #.#.#.# #.# #.#
......♣##.#.#.# #.# #.#
♣♣♣...♣#......#######.#
#.# ♣
♣♣♣♣♣##.#..##..##...#
#.# ♣♣
#####.#..##..##...# #.#
.♣ #...#.###..##..##.#
#.#
.♣###...#.###..##..##.#
#.#
.♣#.....###..##..##...#
#.#
♣♣###.....#..##.@##...#
#.# ###
#...#.###..##R.##.# #.#
..###.....###..##..##.#
#.#
.............##..##...#
#.#
.####...###..##..##...#
#.#
#####...#######.#####.#
#.# .........#
#.......# #.#
#####.#.## ######..#
#.# #####.#.# #.##
#.###


You could see the friendly Caesarion the knight (fast, reflecting).


Message History

There is an open door here.
There is a stone staircase leading up here.
You fly upwards.
There is a stone staircase leading down here.
There is an open door here.
There is a stone staircase leading up here.
You fly upwards.
There is a stone staircase leading down here.
Things that are here:
a +0 robe; a +0 dagger {short}
Things that are here:
a +0 whip {mace}; a +0 ring mail
There is a stone staircase leading up here.
There is a stone staircase leading up here.
You fly upwards.
There is a stone staircase leading down here.
Things that are here:
a +0 giant spiked club {mace}; a +0 dire flail {mace}
There is a stone staircase leading up here.
You fly upwards.
Level annotation: 3 runed translucent doors, t4s4d4r's ghost, novice DsFi
There is a stone staircase leading down here.
Items here: )) [[.
A demonic crawler comes into view. 😎 HP[+19]
Your hp is fully restored (239).
The demonic crawler gives a hideous shriek!
You shoot a bolt. The bolt hits the demonic crawler!!
The bolt freezes the demonic crawler.
You shoot a bolt. The bolt hits the demonic crawler!!!
The bolt freezes the demonic crawler.
You kill the demonic crawler!
No target in view!
No target in view!
There is a stone staircase leading up here.
You fly upwards.
There is a stone staircase leading down here.
What level of the Dungeon? (default 1, ? - help)
There is an open door here.
You see here a +0 giant club {mace}.
An orange demon comes into view.
You shoot a bolt. The bolt hits the orange demon!!!
The bolt freezes the orange demon!!
You kill the orange demon!
No target in view!
No target in view!
No target in view!
What level of the Dungeon? (default 1, ? - help)
There is an open door here.
There is a stone staircase leading up here.
You fly upwards.
There is a stone staircase leading down here.
There is a stone staircase leading up, spattered with blood here.
You fly upwards.
Level annotation: 3 runed translucent doors, MrCrawl's ghost, amateur DrFE
There is a stone staircase leading down here.
There is a stone staircase leading up here.
You fly upwards.
There is a stone staircase leading down here.
There is a stone staircase leading up here.
You fly upwards.
There is a stone staircase leading down here.
There is a stone staircase leading up here.
You fly upwards.
There is a stone staircase leading down here.
Caesarion is recalled. 😎 MP[-2]
You lost 2 mp, and now have 18/20 mp.
A smoke demon comes into view.
The smoke demon roars! 😎 MP[+2]
Your mp is fully restored (20).
You shoot a bolt. The bolt barely misses the smoke demon.
You shoot a bolt. Caesarion avoids your attack.
The bolt hits the smoke demon.
The bolt freezes the smoke demon.
The smoke demon gestures at you.
Caesarion blocks the sticky flame with his +0 tower shield of reflection... and reflects it back!
The sticky flame hits the smoke demon.
The smoke demon resists.
You shoot a bolt. Caesarion avoids your attack.
The bolt hits the smoke demon!!
The bolt freezes the smoke demon!
You kill the smoke demon!
No target in view!
An Orb Guardian comes into view.
You shoot a bolt. The bolt hits the Orb Guardian!!!
The bolt freezes the Orb Guardian!!
You shoot a bolt.
The bolt hits the Orb Guardian but does no damage.
You shoot a bolt.
The bolt barely misses the Orb Guardian.
You shoot a bolt. The bolt misses the Orb Guardian.
Caesarion mumbles some strange words.
Caesarion seems to speed up.
Caesarion hits the Orb Guardian with a +0 broad axe of speed!
You shoot a bolt.
The bolt closely misses the Orb Guardian.
Caesarion hits the Orb Guardian with a +0 broad axe of speed!
The Orb Guardian dies!
You feel your strength returning.
There is a staircase leading out of the dungeon here.
You have escaped!

Skill      XL: |  1  2  3  4  5  6  7  8  9 10 11 12 13 14 15 16 17 18 19 20 21 22 23 24 25 26 |
---------------+-------------------------------------------------------------------------------+-----
Fighting       | 3 4 5 6 7 8 10 13 17 18 19 20 22 24 25 27 | 27.0
Ranged Weapons | 5 6 7 9 11 13 14 16 18 20 24 27 | 27.0
Dodging        | 9 13 16 18 19 20 22 24 27 | 27.0
Invocations    | 2 3 6 7 10 | 10.0
Armour         | 5 7 10 12 14 20 | 20.4
Evocations     | 6 10 | 10.0
Stealth        | 4 |  4.0
Transmutations | 6 |  6.0

Action                     |  1- 3 |  4- 6 |  7- 9 | 10-12 | 13-15 | 16-18 | 19-21 | 22-24 | 25-27 || total
---------------------------+-------+-------+-------+-------+-------+-------+-------+-------+-------++-------
  Melee: Unarmed           |       |       |       |       |       |       |     7 |       |       ||     7
   Fire: Shortbow          |   100 |   208 |   343 |   314 |       |       |       |       |       ||   965
         Orcbow            |       |       |       |   371 |  1808 |  1070 |       |       |       ||  3249
         Longbow           |       |       |       |       |       |   684 |  1367 |  1448 |    35 ||  3534
         Arbalest          |       |       |       |       |       |       |       |    18 |   379 ||   397
  Throw: Dart              |       |       |       |     5 |     7 |    10 |       |       |       ||    22
   Cast: Wereblood         |       |       |       |       |       |       |       |     1 |       ||     1
 Invoke: Recall Ancestor   |       |       |     3 |     6 |     9 |     7 |     1 |     3 |     6 ||    35
         Ancestor Identity |       |       |     1 |       |       |       |       |       |       ||     1
         Ancestor Life: Kn |       |       |     1 |       |       |       |       |       |       ||     1
         Idealise          |       |       |       |     2 |     4 |    15 |     8 |     9 |     7 ||    45
         Transference      |       |       |       |       |     1 |       |       |       |       ||     1
  Evoke: Wand              |       |       |       |       |     3 |     5 |       |     2 |     6 ||    16
         Phial of floods   |       |       |       |       |       |     1 |       |       |       ||     1
    Use: Scroll            |       |     6 |    10 |     9 |    17 |    11 |     4 |     8 |     8 ||    73
         Potion            |       |     2 |     2 |     2 |       |     2 |       |     1 |     4 ||    13
 Armour: Leather armour    |    13 |    58 |    65 |    18 |       |       |       |       |       ||   154
         Steam dragon scal |       |       |       |   101 |   223 |   283 |    60 |    99 |     7 ||   773
         Ring mail         |       |       |       |       |       |       |     8 |       |    26 ||    34
         Skin              |       |       |       |       |       |       |     1 |       |       ||     1
  Dodge: Dodged            |    20 |    51 |    44 |   178 |   429 |   733 |   226 |   272 |    93 ||  2046
  Block: Other             |       |       |       |       |       |    27 |    14 |    39 |    26 ||   106
         Reflection        |       |       |       |       |       |       |       |     2 |       ||     2

Levels and vault maps discovered:
D:1:      lightli_iron_boxes, layout_basic, ebering_ecumenical_altar_webs,
          serial_shops, nicolae_shop_hallway_stairs, shop_fountains,
          nicolae_shop_tiny_real_fake_doors, nicolae_shop_trees,
          kennysheep_minor_cross, hangedman_decor_clover_reticule
D:2:      layout_loops_ring, chequers_serial_rivers_small_a,
          minmay_stone_trees_medium, nrook_campfire, minmay_hedge_maze,
          uniq_robin, uniq_crazy_yiuf_cottage
D:3:      layout_loops_ring, marbit_many_paths, nicolae_tso_carved_into_rock
D:4:      layout_loops_ring, minmay_temple_entry_wispy, gup_sewer_entry_spiral,
          biasface_ghost_orc_armoury
D:5:      layout_loops_corners, gammafunk_temple_overflow_pools,
          nicolae_concentric_dashed_squares_wild, uniq_sigmund, uniq_duvessa
D:6:      layout_gridville, dreamdust_princess_bridge,
          chequers_serial_rivers_small_b, nicolae_nh_oracle_at_delphi,
          uniq_edmund
D:7:      layout_layer_cave, nzn_wu_jian_council_hall,
          gammafunk_ghost_necromancy, serial_glass, glass_columns_a,
          glass_columns_b
D:8:      layout_loops_ring, due_lair_maze_entry_diamond,
          minmay_misc_feat_square
D:9:      nzn_winding_woodlands_three_and_one [nzn_winding_woodlands_5x15_twine,
          nzn_winding_woodlands_5x15_longhouse, nzn_winding_woodlands_5x15_pool,
          nzn_winding_woodlands_center_triple_pond], layout_basic,
          enter_bailey_8, minmay_fractal_squares_gapless_5
D:10:     layout_irregular_city, mainiacjoe_overflow_cross_hatched,
          chei_slow_surprise, okawaru_gym_becter, uniq_josephine
D:11:     layout_loops_corners, serial_shops, shop
D:12:     minmay_slanted_spiral_squares, layout_basic, gammafunk_ghost_smash,
          kennysheep_generic_room_4
D:13:     layout_irregular_city
D:14:     layout_basic, hellmonk_vaults_order_and_chaos,
          chequers_serial_rivers_small_b, uniq_roxanne
D:15:     gammafunk_depths_entry_grave, layout_cave_pods,
          chequers_decorated_corner
Temple:   zaba_magenta_temple
Lair:1:   layout_cave_pods, lemuel_fruit_tree, serial_bayou_shore_a,
          wad_woods_river_01, grunt_megastairs_2
Lair:2:   layout_layer_cave, spider_nest_entry_rubble
Lair:3:   layout_concentric_octagons, minmay_shoals_entry_hut, st_stairs_7
Lair:4:   layout_misc_corridors, slime_entry_1, cheibrodos_lair_lostbears
Lair:5:   gammafunk_lair_ancient_temple, layout_loops_ring
Shoals:1: cheibrodos_shoals_oceanic_diplomacy, layout_shoals, serial_shops,
          shop, uniq_kirke
Shoals:2: layout_shoals
Shoals:3: layout_shoals, serial_shops, nicolae_square_shop, uniq_polyphemus,
          uniq_ilsuiw
Shoals:4: shoals_end_hellmonk_lost_city, uniq_nikola
Spider:1: layout_spider_delve, hangedman_spider_tarantella_strand, uniq_azrael
Spider:2: layout_spider_delve, nicolae_spider_bug_shape, uniq_asterion,
          uniq_frances
Spider:3: layout_spider_delve, uniq_bai_suzhen
Spider:4: grunt_spider_rune_circles
Orc:1:    layout_diamond_mine, serial_shops, basic_altar, nicolae_orc_rockfall
Orc:2:    st_orc_congregation, layout_caves, basic_altar
Elf:1:    eino_elf_arrival_the_gate, layout_loops_corners, basic_altar,
          serial_shops, nicolae_shop_drivethru, portal_desolation_entry_salt,
          hangedman_elven_crosses_minicolossus, eino_tiny_chamber,
          hangedman_elf_targeted_burst, dreamdust_mushroom_princess
Elf:2:    elven_hall_of_blades_hangedman_original
          [nicolae_blade_entry_crossed_weapons], layout_rooms, serial_shops,
          nicolae_shop_temple_entry_statues_fountains,
          serial_sigils_hangedman_confine
Elf:3:    minmay_elf_hall_curves, layout_geoelf_castle, serial_glass,
          glass_columns_a, glass_columns_b, basic_altar, uniq_mara,
          uniq_saint_roka
Vaults:1: ebering_ghost_inner_flame, vaults_room_grid,
          nicolae_vaults_big_angled_halls, hangedman_vaults_stream,
          dpeg_vaults_monster_row, v_misc_29, v_misc_14, v_misc_17,
          nicolae_vaults_heart-shaped_vault, layout_vaults_omnigrid, uniq_donald
Vaults:2: nicolae_vaults_closet_pinwheel_4, gammafunk_sealed_library,
          nicolae_vaults_circle_grid_a, nicolae_vaults_twisting_passages,
          nicolae_vaults_tetromino_Z_2, v_misc_25, grunt_vaults_focal,
          v_misc_30, nicolae_vaults_yaktaur_gun_rack, v_misc_10,
          grunt_vaults_hallway_short, v_alt_pattern_6, nicolae_vaults_diamond_2,
          ontoclasm_vaults_shuriken, layout_vaults_big_cross, uniq_jory
Vaults:3: special_room_vaults [special_room_orc],
          minmay_crypt_entry_simple_sparse, v_alt_pattern_4, v_pattern_4,
          vaults_room_fours, nicolae_vaults_wine_cellar,
          nicolae_vaults_shrinking_rooms_2, v_rooms_5, vaults_room_large_hall,
          nicolae_vaults_storage_closets_1, nicolae_vaults_trapezoid_2,
          vaults_room_ringed_pool, layout_vaults_ring, serial_shops,
          nicolae_shop_behind_doors
Vaults:4: nicolae_vaults_what_the_h, vaults_room_corners,
          nicolae_vaults_big_angled_halls, nicolae_vaults_tetromino_L_2,
          nicolae_vaults_murderbox, vaults_mumra_hexcomb, ontoclasm_vaults_spin,
          nicolae_vaults_alarming, vaults_room_semicircle, v_rooms_1,
          vaults_room_pool, layout_vaults_chaotic_city, uniq_aizul
Vaults:5: serial_shops
Depths:1: layout_cave_pools, enter_ziggurat_b, lightli_too_deep, hex_tiny,
          serial_shops, nicolae_shop_waterfront, shop, nicolae_shop_stone,
          kennysheep_boxes, minmay_shop_grove
Depths:2: minmay_octagon_city, layout_honeycomb,
          nicolae_hell_entry_big_baal_hell, grunt_pan_entry_zigzag,
          infiniplex_staircase_river
Depths:3: nicolae_legendary_halls, layout_twisted_cross,
          hangedman_abyss_entry_splay, hell_entry, minmay_misc_feat_plants,
          rand_demon_pan_entry_5
Depths:4: grunt_zot_entry_gee_three, layout_gridlike, hangedman_coc_ice_floe,
          pan_entry, chequers_serial_rivers_small_3,
          minmay_misc_feat_nine_boxes, minivault_15, uniq_frederick, uniq_vv
Zot:1:    layout_basic, st_stairs_1, hangedman_zot_decor_slant,
          grunt_megastairs_3
Zot:2:    gammafunk_dig_for_victory, layout_basic
Zot:3:    layout_cathedral_of_symmetry, hangedman_zot_decor_tridents
Zot:4:    layout_gridlike
Zot:5:    layout_concentric_octagons, gammafunk_ghost_mausoleum, st_stairs_5

Notes
Turn   | Place    | Note
-------+----------+-------------------------------------------
     0 | D:1      | MackTheKnife the Minotaur Hunter began the quest for the
                  | Orb.
     0 | D:1      | Reached XP level 1. HP: 18/18 MP: 0/0
     0 | D:1      | magus.rc [v1.9.6]
   147 | D:1      | Found a faded altar of an unknown god.
   150 | D:1      | Found Kaib's Magic Scroll Boutique.
   217 | D:1      | Found Esast's Assorted Antiques.
   219 | D:1      | You pick up a book of Air and begin reading...
   219 | D:1      | You add the spells Shock, Swiftness and Airstrike to your
                  | library.
   241 | D:1      | You pick up a book of Debilitation and begin reading...
   241 | D:1      | You add the spells Slow, Sigil of Binding, Vampiric
                  | Draining and Confusing Touch to your library.
   274 | D:1      | Reached XP level 2. HP: 25/25 MP: 1/1
   363 | D:1      | Found Xoffaergh's Assorted Antiques.
   415 | D:1      | Bought a scroll of teleportation for 39 gold pieces
   429 | D:1      | Reached skill level 3 in Fighting
   561 | D:1      | Found Ygifikh's Magic Scroll Shop.
  1102 | D:2      | Noticed Robin
  1116 | D:2      | Reached skill level 5 in Ranged Weapons
  1116 | D:2      | Reached XP level 3. HP: 30/31 MP: 2/2
  1121 | D:2      | Killed Robin
  1444 | D:2      | Reached skill level 4 in Fighting
  1534 | D:2      | Reached XP level 4. HP: 40/40 MP: 3/3
  1561 | D:2      | Identified the ring "Coneskea" {Fly rElec rN+ Dex-5 Stlth+}
  2044 | D:1      | Bought a scroll of identify for 20 gold pieces
  2044 | D:1      | Bought a scroll of identify for 20 gold pieces
  2233 | D:3      | You pick up a book of Dreams and begin reading...
  2233 | D:3      | You add the spells Jinxbite, Ensorcelled Hibernation and
                  | Anguish to your library.
  2426 | D:3      | Reached XP level 5. HP: 39/47 MP: 4/4
  2453 | D:3      | Found a glowing golden altar of the Shining One.
  2590 | D:3      | Found a glowing silver altar of Zin.
  2695 | D:4      | Reached skill level 5 in Fighting
  2695 | D:4      | Reached skill level 6 in Ranged Weapons
  2700 | D:4      | Found a runed translucent gate.
  2702 | D:4      | Noticed MrCrawl's ghost (amateur DrFE)
  2703 | D:4      | Found a runed translucent gate.
  2704 | D:4      | Found a runed translucent gate.
  2705 | D:4      | Identified the +3 plate armour "Urogeixzoe" {Harm rN+ Str+3
                  | Dex-3}
  2705 | D:4      | Noticed an orc warrior
  2819 | D:4      | Found a glowing drain.
  2823 | Sewer    | Entered a sewer
  2849 | Sewer    | Noticed a water moccasin
  2979 | D:4      | Found a staircase to the Ecumenical Temple.
  2993 | Temple   | Entered the Ecumenical Temple
  3006 | Temple   | Became a worshipper of Hepliaklqana the Forgotten
  3112 | D:4      | Reached XP level 6. HP: 57/57 MP: 5/5
  3463 | D:4      | Reached skill level 6 in Fighting
  3565 | D:5      | Entered Level 5 of the Dungeon
  3612 | D:5      | Reached skill level 7 in Ranged Weapons
  3708 | D:5      | Reached XP level 7. HP: 64/64 MP: 6/6
  3725 | D:5      | Noticed Sigmund
  3855 | D:4      | Reached skill level 7 in Fighting
  3890 | D:5      | Reached * piety under Hepliaklqana
  4195 | D:5      | Noticed Dowan
  4201 | D:5      | Noticed Duvessa
  4307 | D:5      | Found a radiant altar of Vehumet.
  4307 | D:5      | Found a shadowy altar of Dithmenos.
  4369 | D:5      | Reached skill level 8 in Ranged Weapons
  4388 | D:5      | Killed Dowan
  4397 | D:5      | Killed Duvessa
  4398 | D:5      | Reached skill level 9 in Ranged Weapons
  4478 | D:5      | Reached XP level 8. HP: 65/65 MP: 7/7
  4654 | D:5      | Killed Sigmund
  4775 | D:6      | Noticed Edmund
  4792 | D:6      | Killed Edmund
  4793 | D:6      | Reached skill level 10 in Ranged Weapons
  5045 | D:6      | Found The Oracle's Delphic Readings.
  5046 | D:6      | You pick up a book of Chaos and begin reading...
  5046 | D:6      | You add the spells Conjure Ball Lightning, Disjunction and
                  | Discord to your library.
  5051 | D:6      | You add the spells Sting, Poisonous Vapours and Olgreb's
                  | Toxic Radiance to your library.
  5055 | D:6      | Bought a scroll of fear for 48 gold pieces
  5055 | D:6      | Bought a scroll of identify for 24 gold pieces
  5055 | D:6      | Bought a scroll of identify for 24 gold pieces
  5157 | D:6      | You pick up a book of Necromancy and begin reading...
  5157 | D:6      | You add the spells Necrotise and Agony to your library.
  5206 | D:6      | Reached ** piety under Hepliaklqana
  5207 | D:6      | Remembered your ancestor Caesarion as a knight
  5477 | D:1      | Bought a scroll of blinking for 75 gold pieces
  5574 | D:6      | Reached skill level 11 in Ranged Weapons
  5938 | D:7      | Found a runed translucent gate.
  5939 | D:7      | Found a runed translucent gate.
  5940 | D:7      | Found a runed translucent gate.
  6163 | D:7      | Reached skill level 8 in Fighting
  6163 | D:7      | Reached XP level 9. HP: 72/72 MP: 8/8
  6174 | D:7      | Found an ornate altar of the Wu Jian Council.
  6353 | D:7      | Reached skill level 12 in Ranged Weapons
  6472 | D:7      | Noticed t4s4d4r's ghost (novice DsFi)
  7018 | D:8      | Reached skill level 9 in Fighting
  7092 | D:8      | Noticed a two-headed ogre
  7132 | D:8      | Reached skill level 10 in Fighting
  7132 | D:8      | Reached skill level 13 in Ranged Weapons
  7149 | D:8      | Killed a two-headed ogre
  7150 | D:8      | Reached XP level 10. HP: 83/83 MP: 9/9
  7161 | D:8      | Noticed a two-headed ogre
  7433 | D:8      | Noticed a two-headed ogre
  7443 | D:8      | Killed a two-headed ogre
  7444 | D:8      | Reached skill level 14 in Ranged Weapons
  7444 | D:8      | Reached skill level 4 in Dodging
  7565 | D:8      | Reached *** piety under Hepliaklqana
  7677 | D:8      | Reached skill level 5 in Dodging
  7812 | D:8      | Found a staircase to the Lair.
  7907 | D:8      | Reached skill level 6 in Dodging
  8045 | D:8      | Killed a two-headed ogre
  8046 | D:8      | Reached skill level 7 in Dodging
  8348 | D:9      | Reached skill level 8 in Dodging
  8426 | D:9      | Reached skill level 9 in Dodging
  8452 | D:9      | Found a flagged portal.
  8461 | Bailey   | Entered a bailey
  8466 | Bailey   | Identified a +0 crystal plate armour
  8466 | Bailey   | Noticed an orc warlord
  8506 | Bailey   | Reached skill level 1 in Invocations
  8508 | Bailey   | Noticed an orc knight
  8617 | Bailey   | Killed an orc knight
  8618 | Bailey   | Reached skill level 2 in Invocations
  8618 | Bailey   | Reached XP level 11. HP: 84/89 MP: 10/12
  8660 | Bailey   | Reached skill level 3 in Invocations
  8692 | Bailey   | Found a runed translucent gate.
  8695 | Bailey   | Found a runed translucent gate.
  8700 | Bailey   | Found a runed translucent gate.
  8735 | Bailey   | Gained mutation: You expend magic power (3 MP) to
                  | strengthen your wands. [potion of mutation]
  8735 | Bailey   | Gained mutation: You have a pair of large horns on your
                  | head. [potion of mutation]
  8735 | Bailey   | Gained mutation: You are weak. (Str -2) [potion of
                  | mutation]
  8735 | Bailey   | Gained mutation: You are covered in fur. (AC +1) [potion of
                  | mutation]
  8806 | Bailey   | Reached skill level 13 in Dodging
  8806 | Bailey   | Reached XP level 12. HP: 95/95 MP: 13/13
  8808 | Bailey   | Identified the granite talisman of the Everdark {rC+ Str-3
                  | Int+8 Dex-5}
  8974 | D:9      | Noticed a two-headed ogre
  8993 | D:10     | Entered Level 10 of the Dungeon
  9211 | D:9      | Reached skill level 4 in Invocations
  9280 | D:9      | Noticed a boulder beetle
  9686 | D:9      | Killed a boulder beetle
 10035 | D:9      | Reached skill level 5 in Invocations
 10134 | D:9      | Killed a two-headed ogre
 10159 | D:9      | Noticed a two-headed ogre
 10168 | D:9      | Killed a two-headed ogre
 10183 | D:9      | Reached skill level 6 in Invocations
 10375 | D:10     | Reached **** piety under Hepliaklqana
 10398 | D:10     | Reached skill level 15 in Ranged Weapons
 10406 | D:10     | Found an iron altar of Okawaru.
 10524 | D:10     | Noticed Josephine
 10545 | D:10     | Killed Josephine
 10720 | D:10     | Found a snail-covered altar of Cheibriados.
 10748 | D:10     | Found a broken altar of Ashenzari.
 11184 | Lair:1   | Entered Level 1 of the Lair of Beasts
 11237 | Lair:1   | Reached skill level 16 in Ranged Weapons
 11242 | Lair:1   | Reached skill level 1 in Armour
 11458 | Lair:1   | Reached skill level 2 in Armour
 11480 | Lair:1   | Reached skill level 3 in Armour
 11598 | Lair:1   | Reached skill level 4 in Armour
 11678 | Lair:1   | Reached skill level 5 in Armour
 11678 | Lair:1   | Reached XP level 13. HP: 76/101 MP: 16/16
 11686 | Lair:1   | Reached skill level 14 in Dodging
 12440 | Lair:1   | magus.rc [v1.9.6]
 12553 | Lair:2   | Reached skill level 15 in Dodging
 12860 | Lair:2   | Found a hole to the Spider Nest.
 13183 | Lair:2   | Reached ***** piety under Hepliaklqana
 14141 | Lair:3   | You add the spells Gell's Gravitas, Teleport Other and
                  | Dispersal to your library.
 14392 | Lair:3   | Reached skill level 16 in Dodging
 14627 | Lair:3   | Reached skill level 11 in Fighting
 14826 | Lair:3   | Found a staircase to the Shoals.
 15019 | Lair:4   | Reached skill level 12 in Fighting
 15405 | Lair:4   | Reached skill level 13 in Fighting
 15430 | Lair:4   | Found a staircase to the Slime Pits.
 15589 | Lair:5   | Entered Level 5 of the Lair of Beasts
 15645 | Lair:5   | You pick up a book of Storms and begin reading...
 15645 | Lair:5   | You add the spells Static Discharge and Summon Lightning
                  | Spire to your library.
 15710 | Lair:5   | Reached XP level 14. HP: 117/117 MP: 17/17
 15727 | Lair:5   | Reached skill level 14 in Fighting
 15813 | Lair:5   | You pick up a book of Lightning and begin reading...
 15813 | Lair:5   | You add the spells Vhi's Electric Charge, Arcjolt and
                  | Plasma Beam to your library.
 16407 | Lair:4   | Reached skill level 15 in Fighting
 16642 | Lair:5   | Reached skill level 16 in Fighting
 17358 | D:11     | Found Aholeoss's Antique Armour Boutique.
 18801 | D:12     | Found a transporter.
 18803 | D:12     | Found a transporter.
 18804 | D:12     | Identified the +6 great mace of Foiwku Voro {freeze, *Slow
                  | rC++ Dex+5}
 18804 | D:12     | Identified the +8 giant spiked club of Accidental
                  | Termination {protect, Drain rF+++ Dex+6 Stlth+}
 18804 | D:12     | Noticed disskorpion's ghost (journeyman DsGl)
 18906 | D:12     | Found a staircase to the Orcish Mines.
 19383 | Orc:1    | Entered Level 1 of the Orcish Mines
 19467 | Orc:1    | Reached skill level 17 in Fighting
 19511 | Orc:1    | Reached ****** piety under Hepliaklqana
 19597 | Orc:2    | Entered Level 2 of the Orcish Mines
 20282 | Orc:2    | Found a staircase to the Elven Halls.
 20398 | Orc:2    | Noticed an orc warlord
 20407 | Orc:2    | Killed an orc warlord
 20610 | Orc:2    | Reached XP level 15. HP: 126/132 MP: 18/18
 20699 | Orc:2    | Found Ezuedui Wita's General Store.
 20700 | Orc:2    | Found Japh's Book Shop.
 20702 | Orc:2    | Found Ileikk's Antique Armour Shop.
 20702 | Orc:2    | Found Hustiups's Antique Weapon Boutique.
 20717 | Orc:2    | Bought 2 scrolls of identify for 52 gold pieces
 21112 | D:1      | Bought a scroll of acquirement for 676 gold pieces
 21112 | D:1      | Acquired a +2 pair of gloves of hurling
 21309 | D:11     | Bought an embroidered cloak for 232 gold pieces
 21320 | D:11     | Bought a faintly glowing chain mail for 294 gold pieces
 21320 | D:11     | Identified the +0 chain mail of Conscience {Int+5} (You
                  | bought it in a shop on level 11 of the Dungeon)
 21736 | D:13     | Reached skill level 17 in Ranged Weapons
 21736 | D:13     | Reached skill level 17 in Dodging
 22281 | D:14     | Identified the granite talisman of Vehumet's Castigation
                  | {MP+9 SInv}
 22281 | D:14     | Noticed Roxanne
 22488 | D:14     | Found a gate to the Vaults.
 22492 | D:14     | You pick up a book of the Hunter and begin reading...
 22492 | D:14     | You add the spells Call Canine Familiar, Dimensional
                  | Bullseye and Leda's Liquefaction to your library.
 23169 | D:14     | Reached skill level 18 in Fighting
 23299 | D:15     | Entered Level 15 of the Dungeon
 23428 | D:15     | You pick up a book of Frost and begin reading...
 23428 | D:15     | You add the spells Freeze, Frozen Ramparts and Hailstorm to
                  | your library.
 23782 | D:15     | Found a staircase to the Depths.
 24486 | Spider:1 | Entered Level 1 of the Spider Nest
 24525 | Spider:1 | Reached skill level 18 in Ranged Weapons
 24525 | Spider:1 | Reached skill level 18 in Dodging
 24670 | Spider:1 | Reached skill level 6 in Armour
 24870 | Spider:1 | Reached skill level 7 in Armour
 25052 | Spider:1 | Reached skill level 7 in Invocations
 25129 | Spider:1 | Reached XP level 16. HP: 136/141 MP: 20/20
 25170 | Spider:1 | Noticed Azrael
 25182 | Spider:1 | Killed Azrael
 25277 | Spider:1 | Reached skill level 8 in Armour
 25451 | Spider:1 | You pick up a book of Scorching and begin reading...
 25451 | Spider:1 | You add the spells Scorch, Flame Wave and Summon Cactus
                  | Giant to your library.
 26162 | Spider:1 | magus.rc [v1.9.6]
 26189 | Spider:1 | Reached skill level 8 in Invocations
 26248 | Spider:1 | Reached skill level 9 in Armour
 26561 | Spider:2 | Noticed Frances
 26756 | Spider:2 | Noticed Asterion
 27010 | Spider:2 | Killed Asterion
 27011 | Spider:2 | Reached skill level 10 in Armour
 27013 | Spider:2 | Reached skill level 9 in Invocations
 27210 | Spider:2 | Killed Frances
 28001 | Spider:3 | Reached skill level 10 in Invocations
 28058 | Spider:3 | Reached skill level 1 in Evocations
 28073 | Spider:3 | Reached skill level 2 in Evocations
 28276 | Spider:2 | Reached skill level 3 in Evocations
 28385 | Spider:3 | Reached skill level 4 in Evocations
 28484 | Spider:3 | Noticed Bai Suzhen
 28665 | Spider:3 | Reached skill level 5 in Evocations
 28984 | Spider:4 | Entered Level 4 of the Spider Nest
 29167 | Spider:3 | Reached skill level 6 in Evocations
 29169 | Spider:3 | Reached skill level 1 in Stealth
 29292 | Spider:4 | Reached skill level 2 in Stealth
 29365 | Spider:4 | Reached skill level 3 in Stealth
 29461 | Spider:4 | Reached skill level 4 in Stealth
 29682 | Spider:4 | Reached XP level 17. HP: 123/146 MP: 19/23
 30772 | Spider:4 | Got a gossamer rune of Zot
 31156 | Vaults:1 | Entered Level 1 of the Vaults
 31194 | D:14     | magus.rc [v1.9.6]
 31355 | Vaults:1 | Noticed Donald
 31729 | Shoals:1 | Entered Level 1 of the Shoals
 31793 | Shoals:1 | Identified the +10 quarterstaff of the Briny Deep {holy,
                  | rElec rF++ rCorr Dex-2}
 31923 | Shoals:1 | Reached skill level 19 in Fighting
 32154 | Shoals:1 | Found Qounnyutu's Distillery.
 32164 | Shoals:1 | Bought a potion of heal wounds for 65 gold pieces
 32164 | Shoals:1 | Bought a potion of heal wounds for 65 gold pieces
 32183 | Shoals:1 | Noticed Kirke
 32188 | Shoals:1 | Noticed a sphinx
 32193 | Shoals:1 | Killed Kirke
 32250 | Shoals:1 | magus.rc [v1.9.6]
 32313 | Shoals:1 | Lost mutation: You are weak. (Str -2) [potion of mutation]
 32313 | Shoals:1 | Lost mutation: You expend magic power (3 MP) to strengthen
                  | your wands. [potion of mutation]
 32313 | Shoals:1 | Gained mutation: You are partially covered in large bone
                  | plates. (SH +4) [potion of mutation]
 32313 | Shoals:1 | Gained mutation: Your spells are a little easier to cast,
                  | but a little less powerful. [potion of mutation]
 32313 | Shoals:1 | Gained mutation: You are somewhat resistant to further
                  | mutation. [potion of mutation]
 32407 | Shoals:1 | Reached skill level 19 in Ranged Weapons
 32892 | Shoals:2 | Noticed a kraken
 32901 | Shoals:2 | Killed a kraken
 32928 | Shoals:2 | Identified the +1 robe "Tefun" {Rampage rPois}
 33048 | Shoals:2 | You pick up a book of Annihilations and begin reading...
 33048 | Shoals:2 | You add the spells Chain Lightning, Fire Storm and Shatter
                  | to your library.
 33230 | Shoals:2 | Acquired the +3 pair of gloves "Paxiomm" {rN++ Dex+2}
 33436 | Shoals:3 | Noticed Polyphemus
 33507 | Shoals:3 | Killed Polyphemus
 33508 | Shoals:3 | Reached skill level 20 in Ranged Weapons
 33522 | Shoals:3 | Reached skill level 19 in Dodging
 33591 | Shoals:3 | Reached XP level 18. HP: 158/158 MP: 24/24
 33887 | Shoals:3 | Noticed Ilsuiw
 33897 | Shoals:3 | Killed Ilsuiw
 33911 | Shoals:3 | Found Jidwoiq's Antique Armour Emporium.
 33919 | Shoals:3 | Bought a runed cloak for 262 gold pieces
 34061 | Shoals:4 | Entered Level 4 of the Shoals
 34258 | Shoals:4 | Reached skill level 20 in Fighting
 34350 | Shoals:4 | Reached skill level 20 in Dodging
 34373 | Shoals:4 | Noticed Nikola
 34378 | Shoals:4 | Killed Nikola
 34407 | Shoals:4 | Reached skill level 7 in Evocations
 34421 | Shoals:4 | Identified the +9 battleaxe "Onesask" {flame, Str+3 Int+3}
 34502 | Shoals:4 | You add the spells Tukima's Dance, Passage of Golubria and
                  | Yara's Violent Unravelling to your library.
 34535 | Shoals:4 | Reached skill level 8 in Evocations
 34576 | Shoals:4 | You pick up a book of the Moon and begin reading...
 34576 | Shoals:4 | You add the spells Silence and Lehudib's Crystal Spear to
                  | your library.
 34619 | Shoals:4 | Reached skill level 9 in Evocations
 34834 | Shoals:4 | You pick up a book of Dangerous Friends and begin
                  | reading...
 34834 | Shoals:4 | You add the spells Summon Guardian Golem, Orb of
                  | Destruction and Spellforged Servitor to your library.
 34856 | Shoals:4 | Got a barnacled rune of Zot
 34858 | Shoals:4 | Identified the +6 shortbow "Ludim" {elec, Int+3}
 34864 | Shoals:4 | Identified the -2 cloak of Disaster {rF- rN+ Str+6}
 35318 | Vaults:1 | Found a runed translucent door.
 35337 | Vaults:1 | Killed Donald
 35504 | Vaults:1 | Reached skill level 10 in Evocations
 36092 | Vaults:1 | Noticed DEFE's ghost (adept DsFi)
 36148 | Vaults:2 | Identified the "Qaxudwiri"
 36179 | Vaults:2 | Reached XP level 19. HP: 168/168 MP: 25/25
 36953 | Vaults:2 | Noticed Jory
 36969 | Vaults:2 | Killed Jory
 37131 | Vaults:2 | Found a shimmering blue altar of Sif Muna.
 37135 | Vaults:2 | Found a transporter.
 37157 | Vaults:2 | Noticed an ancient lich
 37317 | Vaults:2 | Reached skill level 21 in Fighting
 37406 | Vaults:2 | Reached skill level 21 in Dodging
 38124 | Vaults:3 | Found a staircase to the Crypt.
 38171 | Vaults:3 | Identified the +3 ring mail "Vuats" {rN+ Str+4 Int+4}
 38268 | Vaults:3 | Found Wuuxiaf's Antique Weapon Shop.
 38418 | Vaults:3 | Reached skill level 22 in Fighting
 38917 | Vaults:3 | Reached skill level 22 in Dodging
 39141 | Vaults:4 | Reached XP level 20. HP: 181/181 MP: 26/26
 39283 | Vaults:4 | Identified the serpent talisman "Juidghaho" {rElec rC+
                  | Dex+3}
 39283 | Vaults:4 | Noticed Aizul
 39294 | Vaults:4 | Killed Aizul
 39342 | Vaults:4 | Reached skill level 23 in Fighting
 40407 | Vaults:4 | Reached skill level 23 in Dodging
 41252 | Desolati | Identified the "Vuater"
 41252 | Desolati | Identified the of Zecw
 41252 | Desolati | Identified the "Niech"
 41252 | Elf:1    | Entered Level 1 of the Elven Halls
 41284 | Elf:1    | Found a crumbling gateway.
 41386 | Desolati | Entered the Desolation of Salt
 41528 | Desolati | Identified the +5 sling of Qepli {heavy, rPois rCorr}
 41533 | Desolati | Identified the +4 cloak "Joghu" {rC+ Will++}
 41632 | Desolati | Reached skill level 24 in Fighting
 41658 | Desolati | You add the spells Magic Dart and Sticky Flame to your
                  | library.
 41748 | Desolati | Identified the +0 dagger of Feg Aric {spect, *Corrode rN++}
 41784 | Desolati | Identified the +2 scale mail "Voajos" {Harm rPois}
 41794 | Desolati | Identified the ring of Cyoq {Drain Fly rElec rC+ Dex+2}
 41850 | Desolati | You add the spells Volatile Blastmotes and Manifold Assault
                  | to your library.
 41887 | Desolati | Reached skill level 24 in Dodging
 42136 | Desolati | Reached XP level 21. HP: 192/192 MP: 27/27
 42147 | Desolati | Found the +3 pair of seven-league boots {Rampage+∞}
 42153 | Desolati | Identified the +0 pair of gloves of Gozag's Benevolence
                  | {+Inv Regen+ Int-3 Slay+6}
 42364 | Desolati | You add the spells Summon Small Mammal, Summon Mana Viper,
                  | Summon Forest and Dragon's Call to your library.
 42600 | Elf:1    | Found an ancient bone altar of Kikubaaqudgha.
 42643 | Elf:1    | Found a transporter.
 42713 | Elf:1    | Found a transporter.
 42713 | Elf:1    | Found Veeckaj's Antique Armour Emporium.
 42786 | Elf:1    | Reached skill level 21 in Ranged Weapons
 43025 | Elf:1    | Identified the +3 flail of Honour {spect, Dex+3}
 43479 | Elf:1    | Bought a glimmering leather armour for 259 gold pieces
 43479 | Elf:1    | Identified the +1 leather armour of Pan-Flutes {rN++ Str-4
                  | Stlth+} (You bought it in a shop on level 1 of the Elven
                  | Halls)
 43618 | Elf:2    | Found a runed translucent gate.
 43618 | Elf:2    | Found a runed translucent gate.
 43619 | Elf:2    | Found a runed translucent gate.
 43629 | Elf:2    | Reached skill level 22 in Ranged Weapons
 43690 | Elf:2    | Found Civusac's Jewellery Emporium.
 43999 | Elf:3    | Identified the "Pannep"
 43999 | Elf:3    | Entered Level 3 of the Elven Halls
 44034 | Elf:3    | Found a radiant altar of Vehumet.
 44139 | Elf:3    | Noticed Saint Roka
 44152 | Elf:3    | Killed Saint Roka
 44690 | Elf:3    | Reached skill level 23 in Ranged Weapons
 44854 | Elf:3    | Noticed Mara
 44859 | Elf:3    | Noticed MackTheKnife's illusion
 44871 | Elf:3    | Noticed MackTheKnife's illusion
 45108 | Elf:3    | Identified the +7 dire flail "Zybrysh" {holy, rN+ Int+3
                  | Dex-2}
 45137 | Elf:3    | Killed Mara
 45139 | Elf:3    | Identified the +5 whip "Jacvasib" {vamp, Int+2 Dex-4 SInv}
 45297 | Elf:3    | Identified the +10 battleaxe of the Warrior {distort, rC+
                  | Will- Str+2}
 45297 | Elf:3    | Identified the +2 robe "Viveityu" {Harm rC+ rCorr SInv}
 45297 | Elf:3    | Identified the ring of Xom's Entertainment {rElec rN+}
 45317 | Elf:3    | Identified the +4 short sword of Agony {freeze, rC+ rN+}
 45317 | Elf:3    | Identified the ring "Tihot" {rF+ EV+5 Int+4}
 45324 | Elf:3    | Identified the +3 buckler "Iqarcheki" {Str+3 Dex+3}
 45336 | Elf:3    | Identified the +6 scale mail "Xoroistage" {rC- Str+5}
 45364 | Elf:3    | Identified the +6 arbalest of the Fresh God {freeze, rF+
                  | SInv}
 45376 | Elf:3    | Identified the +1 scale mail of Dogma {rN+ rCorr Slay+2}
 45390 | Elf:3    | Reached skill level 24 in Ranged Weapons
 45390 | Elf:3    | Reached XP level 22. HP: 199/199 MP: 28/28
 45511 | Elf:3    | You add the spells Ozocubu's Armour and Ozocubu's
                  | Refrigeration to your library.
 45669 | Elf:3    | Upgraded the game from 0.31-a0-968-g24f9ace8b5 to
                  | 0.31-a0-971-g75a2e9a4b4
 45669 | Elf:3    | magus.rc [v1.9.6]
 45674 | Elf:3    | Learned a level 4 spell: Dimensional Bullseye
 45995 | Depths:1 | Entered Level 1 of the Depths
 45995 | Depths:1 | Found Qaps's Antique Armour Shop.
 46179 | Depths:1 | Found a one-way gateway to a ziggurat.
 46343 | Depths:1 | Reached skill level 25 in Fighting
 46559 | Depths:1 | Found Kuomp's Armour Emporium.
 46596 | Depths:1 | Found Riliffu's Jewellery Emporium.
 46649 | Depths:1 | Found a gateway to Hell.
 46737 | Depths:1 | Found Xeahul's Book Emporium.
 46737 | Depths:1 | Found Fampuv's Jewellery Shop.
 46739 | Depths:1 | Found Ylinum's Book Emporium.
 46887 | Depths:1 | Bought a book of Changes for 288 gold pieces
 46887 | Depths:1 | You pick up a book of Changes and begin reading...
 46887 | Depths:1 | You add the spells Wereblood and Irradiate to your library.
 46890 | Depths:1 | Learned a level 2 spell: Wereblood
 47088 | Depths:2 | Reached skill level 1 in Transmutations
 47112 | Depths:2 | Reached skill level 2 in Transmutations
 47122 | Depths:2 | Identified the +0 chain mail of Bebb {rElec rC+}
 47165 | Depths:2 | Noticed a juggernaut
 47175 | Depths:2 | Reached skill level 3 in Transmutations
 47175 | Depths:2 | Killed a juggernaut
 47217 | Depths:2 | Noticed a juggernaut
 47218 | Depths:2 | Reached skill level 4 in Transmutations
 47228 | Depths:2 | Killed a juggernaut
 47246 | Depths:2 | Reached skill level 5 in Transmutations
 47574 | Depths:2 | Reached skill level 6 in Transmutations
 47582 | Depths:2 | Noticed a caustic shrike
 47588 | Depths:2 | Killed a caustic shrike
 47794 | Depths:2 | Found a one-way gate leading to the halls of Pandemonium.
 48146 | Depths:2 | Identified the ring "Jaloeph" {Fly rCorr Str+2 Dex+3}
 48150 | Depths:2 | Identified the ring of Lumusk {Wiz Int+3}
 48301 | Depths:2 | Found Big Baal Hell's Store.
 48437 | Depths:2 | Reached XP level 23. HP: 202/212 MP: 29/29
 48518 | Depths:2 | Reached skill level 26 in Fighting
 48925 | Depths:2 | Noticed a juggernaut
 48936 | Depths:2 | Killed a juggernaut
 48984 | Depths:2 | Reached skill level 25 in Dodging
 49165 | Depths:3 | Found a one-way gate to the infinite horrors of the Abyss.
 49297 | Depths:3 | Noticed a caustic shrike
 49299 | Depths:3 | Killed a caustic shrike
 49464 | Depths:3 | Acquired the +1 pair of boots "Eroxtaumm" {rC+++ Will+++
                  | MP-9 Int-5}
 49903 | Depths:3 | Identified the +0 falchion of Intimidation {elec, rElec
                  | Str+4}
 50000 | Depths:4 | Entered Level 4 of the Depths
 50000 | Depths:4 | Noticed a caustic shrike
 50000 | Depths:4 | Noticed a caustic shrike
 50000 | Depths:4 | Noticed a caustic shrike
 50000 | Depths:4 | Noticed a caustic shrike
 50008 | Depths:3 | Killed a caustic shrike
 50203 | Depths:4 | Reached skill level 26 in Dodging
 50253 | Depths:4 | Noticed Vv
 50273 | Depths:4 | Killed Vv
 50519 | Depths:4 | Noticed Frederick
 50528 | Depths:4 | Killed Frederick
 50753 | Depths:4 | Killed a caustic shrike
 50756 | Depths:4 | Killed a caustic shrike
 50760 | Depths:4 | Killed a caustic shrike
 51060 | Depths:4 | Reached skill level 27 in Dodging
 51105 | Depths:4 | Identified the +2 flail of the Desolation of Salt {flame,
                  | Stlth+}
 51222 | Depths:4 | Reached skill level 27 in Fighting
 51353 | Depths:4 | Reached XP level 24. HP: 211/224 MP: 28/29
 51377 | Depths:4 | +0 shadow dragon scales {rare}; a shadow dragon corpse
 51379 | Depths:4 | +0 shadow dragon scales {rare}; a shadow dragon corpse
 51391 | Depths:4 | +0 shadow dragon scales {rare}; a shadow dragon corpse
 51392 | Depths:4 | Found a gate to the Realm of Zot.
 51397 | Depths:4 | +0 shadow dragon scales {rare}; a shadow dragon corpse
 51867 | Vaults:5 | Entered Level 5 of the Vaults
 52158 | Vaults:5 | Noticed an ancient lich
 52163 | Vaults:5 | Killed an ancient lich
 52189 | Vaults:5 | Reached skill level 25 in Ranged Weapons
 52223 | Vaults:5 | Identified the +3 robe of Anarchy {Will+ SInv}
 52477 | Vaults:5 | Noticed an ancient lich
 52485 | Vaults:5 | Reached skill level 26 in Ranged Weapons
 52488 | Vaults:5 | Killed an ancient lich
 52526 | Vaults:5 | Identified the +7 great sword of Mejor {heavy, rN++ rCorr
                  | Str-5 Stlth+}
 52724 | Vaults:5 | You pick up a book of the Dragon and begin reading...
 52724 | Vaults:5 | You add the spells Cause Fear and Fireball to your library.
 52737 | Vaults:5 | You pick up a book of the Warp and begin reading...
 52801 | Vaults:5 | Identified the +1 short sword of Intuition {speed, rPois}
 52808 | Vaults:5 | Got a silver rune of Zot
 52873 | Vaults:5 | Identified the +6 lajatang of Cauckocys {freeze, SInv}
 52909 | Vaults:5 | You pick up a book of Alchemy and begin reading...
 52909 | Vaults:5 | You add the spells Sublimation of Blood and Petrify to your
                  | library.
 52919 | Vaults:5 | Identified the +2 pair of boots of Fallacy {Str+2}
 52931 | Vaults:5 | You pick up a book of the Spheres and begin reading...
 52931 | Vaults:5 | You add the spells Brom's Barrelling Boulder and
                  | Iskenderun's Battlesphere to your library.
 53069 | Vaults:5 | Reached skill level 27 in Ranged Weapons
 53720 | Depths:2 | Bought a potion of experience for 3300 gold pieces
 53720 | Depths:2 | Reached skill level 12 in Armour
 53720 | Depths:2 | Reached XP level 25. HP: 231/231 MP: 20/29
 53813 | Zot:1    | Entered Level 1 of the Realm of Zot
 53919 | Zot:1    | Reached skill level 13 in Armour
 54001 | Zot:1    | Identified +0 gold dragon scales
 55436 | Elf:1    | Bought a heavily runed hat for 333 gold pieces
 55436 | Elf:1    | Identified the +1 hat of Lueczico {Will+} (You bought it in
                  | a shop on level 1 of the Elven Halls)
 55846 | Zot:1    | Reached skill level 14 in Armour
 55913 | Zot:2    | Found a transporter.
 55942 | Zot:2    | Reached XP level 26. HP: 213/239 MP: 20/29
 56117 | Zot:5    | Entered Level 5 of the Realm of Zot
 56142 | Zot:5    | Reached skill level 15 in Armour
 56145 | Zot:5    | Noticed sentinel's ghost (legendary TeWr)
 56421 | Zot:5    | Found a transporter.
 56442 | Zot:5    | Found a transporter.
 56460 | Zot:5    | Noticed an ancient lich
 56468 | Zot:5    | You pick up a book of Armaments and begin reading...
 56468 | Zot:5    | You add the spells Stone Arrow and Animate Armour to your
                  | library.
 56508 | Zot:5    | Reached skill level 16 in Armour
 56797 | Zot:5    | Noticed an electric golem
 56803 | Zot:5    | Killed an electric golem
 56921 | Zot:5    | Noticed an orb of fire
 56934 | Zot:5    | Killed an orb of fire
 56984 | Zot:5    | Reached skill level 17 in Armour
 56995 | Zot:5    | Noticed an ancient lich
 57001 | Zot:5    | Killed an ancient lich
 57087 | Zot:5    | Noticed an orb of fire
 57087 | Zot:5    | Gained mutation: Armour fits poorly on your strangely
                  | shaped body. [an orb of fire]
 57097 | Zot:5    | Noticed an orb of fire
 57097 | Zot:5    | Killed an orb of fire
 57102 | Zot:5    | Noticed a curse toe
 57104 | Zot:5    | Killed an orb of fire
 57108 | Zot:5    | Killed a curse toe
 57109 | Zot:5    | Reached skill level 18 in Armour
 57325 | Zot:5    | Reached skill level 19 in Armour
 57334 | Zot:5    | Noticed an electric golem
 57343 | Zot:5    | Killed an electric golem
 57364 | Zot:5    | Noticed an ancient lich
 57370 | Zot:5    | Killed an ancient lich
 57424 | Zot:5    | Got the Orb of Zot
 57493 | Zot:5    | Noticed Mamoer the pandemonium lord
 57535 | Zot:4    | Noticed Odech the pandemonium lord
 57685 | Depths:4 | Reached skill level 20 in Armour
 58213 | D:$      | Escaped with the Orb!

Vanquished Creatures
  3 ancient liches
  An orb of fire (Zot:5)
  A juggernaut (Depths:2)
  Mara (Elf:3)
  Vv (Depths:4)
  3 Killer Klowns (Zot:5)
  A curse toe (Zot:5)
  Saint Roka (Elf:3)
  Jory (Vaults:2)
  4 golden dragons
  Nikola (Shoals:4)
  6 caustic shrikes
  An electric golem (Zot:5)
  5 tentacled monstrosities
  8 liches
  A walking earthen tome (Depths:3)
  18 Orb Guardians
  5 titans (Vaults:5)
  A deep elf blademaster (Elf:3)
  4 quicksilver dragons
  6 sphinxes
  Polyphemus (Shoals:3)
  A death cob (Zot:1)
  3 tengu reavers
  2 shadow dragons
  6 storm dragons
  Aizul (Vaults:4)
  Kirke (Shoals:1)
  Ilsuiw (Shoals:3)
  A daeva (Depths:3)
  3 draconian monks
  Donald (Vaults:1)
  5 emperor scorpions (Spider:4)
  6 deep elf sorcerers
  2 draconian knights
  6 frost giants
  9 fire giants
  9 vault wardens
  2 imperial myrmidons (Desolation)
  3 iron dragons
  3 draconian scorchers
  2 orc warlords
  4 spriggan defenders
  An angel (Zot:2)
  2 balrugs
  A cacodemon (D:12)
  16 ironbound preservers
  4 ghost moths
  2 deep elf elementalists (Elf:3)
  A draconian stormcaller (Zot:1)
  3 draconian annihilators
  A broodmother (Spider:3)
  4 formless jellyfish
  19 very ugly things
  7 ironbound thunderhulks
  14 stone giants
  A war gargoyle (Vaults:4)
  A juggernaut skeleton (Depths:3)
  A green draconian (Zot:1)
  2 vampire knights
  4 black draconians
  4 purple draconians
  10 deep elf annihilators
  4 white draconians
  A minotaur (Shoals:4)
  6 deep elf demonologists
  Azrael (Spider:1)
  A halazid warlock (Desolation)
  5 yellow draconians
  A red draconian (Depths:4)
  17 spark wasps
  7 dire elephants
  16 ettins
  8 merfolk impalers
  6 deep elf death magi
  A merfolk javelineer (Depths:4)
  6 fire dragons
  A quicksilver dragon zombie (D:15)
  Josephine (D:10)
  5 ragged hierophants
  A crystal guardian (Vaults:4)
  4 deep elf high priests
  4 great orbs of eyes
  26 vault guards (Vaults:5)
  5 entropy weavers
  10 yaktaur captains
  3 rakshasas
  9 ice dragons
  5 ogre magi
  5 servants of whispers (Desolation)
  A spriggan zombie (Depths:2)
  4 spriggan air magi
  A hydra (Lair:4)
  2 catoblepae
  10 peacekeepers
  4 radroaches
  7 centaur warriors
  A merfolk aquamancer (Shoals:3)
  2 alligator snapping turtles
  A spriggan skeleton (Depths:3)
  4 merfolk avatars
  4 jorogumos
  10 satyrs
  5 ironbound frosthearts
  22 dancing weapons
  3 tengu warriors
  6 demonic crawlers
  7 deep troll shamans
  8 two-headed ogres
  7 death yaks
  2 boulder beetles
  A sphinx skeleton (D:15)
  5 deep troll earth magi
  4 orc high priests
  2 storm dragon zombies
  2 vampire magi (Depths:2)
  2 spriggan berserkers (Depths:1)
  A hell knight (Depths:2)
  2 occultists (Depths:2)
  4 spriggans (Depths:1)
  18 deep elf knights
  3 skysharks
  4 sun demons (Depths:2)
  7 pharaoh ants
  4 sixfirhies
  2 sun moths
  A cherub (Depths:3)
  45 deep trolls
  13 sea snakes
  A glowing orange brain (shapeshifter) (Depths:4)
  An iron troll (Depths:1)
  5 flayed ghosts
  5 skeletal warriors
  A spark wasp zombie (Depths:2)
  7 orb spiders
  An orb spider (shapeshifter) (Depths:4)
  An orange crystal statue (Depths:4)
  26 ironbound convokers
  9 steelbarb worms
  2 glowing orange brains
  10 lindwurms
  14 harpies
  10 deep elf archers
  11 orc knights
  7 arcanists
  18 fauns
  4 necromancers
  38 deep elf pyromancers
  3 phantasmal warriors (Vaults:5)
  4 cyclopes
  6 orc sorcerers
  37 ugly things
  28 deep elf zephyrmancers
  13 wolf spiders
  13 manticores
  A salamander (shapeshifter) (Vaults:5)
  12 elephants
  13 moths of wrath
  A moth of wrath (shapeshifter) (Depths:4)
  8 merfolk sirens
  18 slime creatures
  A guardian serpent (Desolation)
  15 vault sentinels
  8 water nymphs
  A gargoyle (D:14)
  7 cane toads
  3 smoke demons
  A water nymph (shapeshifter) (D:9)
  3 black mambas
  A molten gargoyle (Desolation)
  3 torpor snails
  3 hellions
  An orange demon (D:6)
  2 efreet
  3 rime drakes
  A spark wasp simulacrum (Depths:3)
  2 kobold demonologists (D:12)
  24 yaktaurs
  16 komodo dragons
  4 tengu conjurers
  2 meliai (Spider:4)
  3 wind drakes
  8 polar bears
  6 trolls
  36 merfolk
  20 tarantellas
  8 hornets
  A raiju (shapeshifter) (D:13)
  7 blink frogs
  58 saltlings
  A glass eye (Depths:2)
  4 snapping turtles
  A glass eye (shapeshifter) (Vaults:5)
  18 dream sheep
  31 jumping spiders
  20 yaks
  17 culicivoras
  4 wyverns
  A shadow (D:9)
  28 water elementals
  3 fire elementals
  6 wraiths
  A hog (shapeshifter) (Elf:3)
  3 hogs (Shoals:1)
  44 redbacks
  3 basilisks
  9 vampire mosquitoes
  A warg (shapeshifter) (Depths:2)
  5 wargs
  A glowing shapeshifter zombie (Depths:2)
  Edmund (D:6)
  Duvessa (D:5)
  2 acid dragons
  11 water moccasins
  2 hell hounds (Spider:1)
  39 orc warriors
  A black bear (D:8)
  10 wolves
  6 centaurs
  8 ogres
  A wolf (shapeshifter) (Elf:3)
  A phantom (D:5)
  2 kobold brigands
  12 bullfrogs
  2 earth elementals
  4 scorpions
  5 wights
  Dowan (D:5)
  5 killer bees
  9 electric eels
  7 howler monkeys
  6 hounds
  27 orc priests
  5 jellies
  2 iguanas
  27 orc wizards
  A sleepcap (D:6)
  Robin (D:2)
  4 gnolls
  9 adders
  A river rat (D:4)
  2 white imps
  3 worms
  2 dart slugs
  80 orcs
  7 bats
  7 endoplasms
  4 giant cockroaches
  10 goblins
  9 hobgoblins
  9 jackals
  16 kobolds
  9 quokkas
  6 ball pythons
  2 frilled lizards
  9 rats
  4 tentacles
1802 creatures vanquished.

Vanquished Creatures (collateral kills)
  2 orbs of fire (Zot:5)
  2 juggernauts (Depths:2)
  Frederick (Depths:4)
  A golden dragon (Vaults:5)
  2 bone dragons (Depths:4)
  A Brimstone Fiend (Depths:4)
  An electric golem (Zot:5)
  A tentacled monstrosity (Depths:2)
  A walking earthen tome (Depths:3)
  8 Orb Guardians
  Asterion (Spider:2)
  5 liches
  An eldritch tentacle (Zot:5)
  3 sphinxes
  2 krakens
  A titan (Vaults:5)
  Frances (Spider:2)
  A storm dragon (Vaults:5)
  A tengu reaver (Vaults:5)
  A draconian monk (Zot:5)
  2 emperor scorpions
  3 fire giants
  An iron dragon (Vaults:5)
  3 vault wardens
  A ghost moth (Zot:5)
  2 frost giants (Depths:2)
  2 deep elf elementalists (Elf:3)
  4 very ugly things
  A formless jellyfish (Vaults:1)
  4 ironbound preservers
  2 orc warlords
  A cacodemon (Depths:4)
  2 draconian annihilators
  A broodmother (Spider:1)
  An ironbound thunderhulk (Vaults:4)
  A green draconian (Zot:5)
  A deep elf demonologist (Elf:3)
  3 black draconians
  3 dire elephants
  2 deep elf annihilators (Elf:3)
  2 purple draconians (Zot:1)
  4 yellow draconians
  A spark wasp (Depths:4)
  A white draconian (Zot:1)
  2 fire dragons (Depths:4)
  4 merfolk impalers
  4 ettins
  A ragged hierophant (Desolation)
  A deep elf death mage (Elf:3)
  An ice dragon (Depths:2)
  2 great orbs of eyes (Vaults:4)
  A peacekeeper (Desolation)
  A rakshasa (Depths:1)
  3 entropy weavers
  3 servants of whispers (Desolation)
  A hydra (shapeshifter) (Depths:3)
  An ironbound frostheart (Vaults:3)
  A catoblepas (D:15)
  4 two-headed ogres
  2 spriggan air magi (Depths:2)
  A merfolk aquamancer (Shoals:3)
  2 boulder beetles
  3 centaur warriors
  2 tengu warriors
  3 vampire magi
  A death yak (Lair:4)
  A satyr (Shoals:4)
  2 demonic crawlers
  A sphinx skeleton (D:15)
  A deep troll shaman (Depths:1)
  A deep troll earth mage (Depths:1)
  A dancing weapon (Elf:1)
  An orc high priest (Orc:2)
  A spriggan berserker (Depths:2)
  A spriggan (Depths:1)
  A shock serpent (shapeshifter) (Depths:3)
  A deep elf knight (Elf:3)
  An iron troll (Depths:1)
  A pharaoh ant (Spider:1)
  A sixfirhy (Depths:4)
  7 deep trolls
  A skeletal warrior (D:15)
  4 sea snakes
  A lindwurm (Vaults:2)
  2 orb spiders
  5 orc knights
  5 deep elf pyromancers
  A harpy (Shoals:4)
  2 ironbound convokers
  2 deep elf zephyrmancers (Elf:1)
  A fire giant zombie (Depths:3)
  3 phantasmal warriors
  7 ugly things
  A necromancer (Depths:3)
  4 wolf spiders
  2 fauns (Shoals:1)
  3 moths of wrath
  A manticore (Lair:5)
  2 merfolk sirens (Shoals:1)
  2 elephants (Lair:1)
  3 torpor snails
  A guardian serpent (Desolation)
  A vault sentinel (Vaults:3)
  A black mamba (Lair:1)
  2 orange demons
  2 cane toads
  2 rime drakes
  A hellion (Depths:3)
  2 unseen horrors
  A komodo dragon (Lair:5)
  4 yaktaurs (Vaults:4)
  A freezing wraith (Vaults:5)
  A meliai (Spider:4)
  A troll (D:9)
  2 hornets
  3 polar bears
  8 merfolk
  2 wind drakes (Lair:5)
  5 tarantellas
  2 blink frogs
  5 saltlings (Desolation)
  A dream sheep (Lair:5)
  A snapping turtle (Shoals:4)
  A jumping spider (Spider:2)
  7 slime creatures
  6 culicivoras
  Sigmund (D:5)
  A shadow (D:9)
  10 yaks
  2 wyverns
  2 water elementals
  3 wraiths
  2 basilisks
  A fire elemental (Spider:1)
  18 redbacks
  A vampire mosquito (D:13)
  A steam dragon (D:8)
  An acid dragon (D:9)
  3 water moccasins
  A sky beast (D:7)
  8 orc warriors
  A black bear (D:8)
  2 ogres
  4 wolves
  2 centaurs
  2 kobold brigands (D:9)
  3 bullfrogs
  A gnoll sergeant (D:11)
  A scorpion (D:8)
  3 wights
  A killer bee (D:10)
  2 howler monkeys
  An electric eel (Lair:3)
  3 orc priests
  6 orc wizards
  A gnoll (Bailey)
  An adder (D:6)
  11 orcs
  2 kobolds (D:12)
  A spectral weapon (Spider:2)
  3 tentacles
372 creatures vanquished.

Vanquished Creatures (others)
  An ancient lich (Vaults:5)
  2 deep elf master archers (Elf:3)
  A stone giant (Depths:1)
  A vampire mage (Depths:2)
  A deep troll (Depths:1)
  4 yaktaurs
  A human (Shoals:1)
  A wolf (Lair:1)
  An orc wizard (Orc:2)
  3 ancestors
  38 knights
  2 orcs (Orc:2)
  4 tentacles
60 creatures vanquished.

Grand Total: 2234 creatures vanquished

Table legend:
 A = Non-vault XP
 B = Vault XP
 C = Vault XP percentage of total XP
 D = Non-vault monster count
 E = Vault monster count
 F = Vault count percentage of total count
                 A         B        C        D         E       F
            +---------+---------+-------+---------+---------+-------
      Total |  611700 |  636944 |  51.0 |    1287 |     867 |  40.3
            +---------+---------+-------+---------+---------+-------
        D:1 |      26 |       0 |   0.0 |      16 |       0 |   0.0
        D:2 |      37 |      34 |  47.9 |      13 |      11 |  45.8
        D:3 |     101 |       3 |   2.9 |      22 |       1 |   4.3
        D:4 |     334 |      34 |   9.2 |      26 |       7 |  21.2
        D:5 |     670 |     438 |  39.5 |      19 |       3 |  13.6
        D:6 |     321 |     361 |  52.9 |       7 |       3 |  30.0
        D:7 |    1054 |       0 |   0.0 |      17 |       0 |   0.0
        D:8 |    4009 |    1223 |  23.4 |      20 |      11 |  35.5
        D:9 |    1517 |    6226 |  80.4 |      24 |      24 |  50.0
       D:10 |    1357 |    1942 |  58.9 |       9 |       6 |  40.0
       D:11 |    1242 |       0 |   0.0 |      10 |       0 |   0.0
       D:12 |    4124 |    4326 |  51.2 |      21 |      10 |  32.3
       D:13 |   10403 |       0 |   0.0 |      22 |       0 |   0.0
       D:14 |    4055 |    2025 |  33.3 |      14 |       2 |  12.5
       D:15 |   11849 |    5318 |  31.0 |      21 |       7 |  25.0
     Lair:1 |    9440 |    1144 |  10.8 |      36 |       6 |  14.3
     Lair:2 |    4425 |     399 |   8.3 |      14 |       2 |  12.5
     Lair:3 |    7641 |     657 |   7.9 |      28 |       3 |   9.7
     Lair:4 |    9289 |    2220 |  19.3 |      27 |       7 |  20.6
     Lair:5 |    7841 |    6622 |  45.8 |      25 |      16 |  39.0
   Shoals:1 |   11858 |    6989 |  37.1 |      23 |      14 |  37.8
   Shoals:2 |   15655 |       0 |   0.0 |      34 |       0 |   0.0
   Shoals:3 |   20841 |    8273 |  28.4 |      45 |      10 |  18.2
   Shoals:4 |   17675 |   27967 |  61.3 |      32 |      35 |  52.2
   Spider:1 |   25303 |    1981 |   7.3 |      64 |       6 |   8.6
   Spider:2 |   10109 |    7122 |  41.3 |      26 |      12 |  31.6
   Spider:3 |   21107 |       0 |   0.0 |      47 |       0 |   0.0
   Spider:4 |   17727 |   17981 |  50.4 |      40 |      37 |  48.1
      Orc:1 |    2173 |       0 |   0.0 |      30 |       0 |   0.0
      Orc:2 |    2032 |    9143 |  81.8 |      40 |      60 |  60.0
      Elf:1 |   29236 |   14709 |  33.5 |      44 |      23 |  34.3
      Elf:2 |   28009 |    3311 |  10.6 |      48 |       4 |   7.7
      Elf:3 |   17671 |   40199 |  69.5 |      31 |      41 |  56.9
   Vaults:1 |    7762 |   17341 |  69.1 |      13 |      23 |  63.9
   Vaults:2 |   28343 |   14455 |  33.8 |      35 |      20 |  36.4
   Vaults:3 |   29659 |   26111 |  46.8 |      41 |      50 |  54.9
   Vaults:4 |   41440 |   21924 |  34.6 |      67 |      31 |  31.6
   Vaults:5 |   24446 |  101495 |  80.6 |      39 |      90 |  69.8
   Depths:1 |   45111 |    1820 |   3.9 |      65 |       3 |   4.4
   Depths:2 |   13447 |  101270 |  88.3 |      15 |      87 |  85.3
   Depths:3 |   16769 |   32861 |  66.2 |      18 |      28 |  60.9
   Depths:4 |   42772 |   26327 |  38.1 |      40 |      20 |  33.3
      Zot:1 |   26996 |    1483 |   5.2 |      25 |       2 |   7.4
      Zot:2 |    6922 |       0 |   0.0 |       8 |       0 |   0.0
      Zot:3 |     989 |       0 |   0.0 |       2 |       0 |   0.0
      Zot:4 |     959 |       0 |   0.0 |       2 |       0 |   0.0
      Zot:5 |   26954 |   76832 |  74.0 |      22 |      34 |  60.7
      Sewer |       0 |       7 | 100.0 |       0 |       4 | 100.0
     Bailey |       0 |    1216 | 100.0 |       0 |      21 | 100.0
 Desolation |       0 |   43155 | 100.0 |       0 |      93 | 100.0
            +---------+---------+-------+---------+---------+-------

Skill      XL: |  1  2  3  4  5  6  7  8  9 10 11 12 13 14 15 16 17 18 19 20 21 22 23 24 25 26 |
---------------+-------------------------------------------------------------------------------+-----
Fighting       | 3 4 5 6 7 8 10 13 17 18 19 20 22 24 25 27 | 27.0
Ranged Weapons | 5 6 7 9 11 13 14 16 18 20 24 27 | 27.0
Dodging        | 9 13 16 18 19 20 22 24 27 | 27.0
Invocations    | 2 3 6 7 10 | 10.0
Armour         | 5 7 10 12 14 20 | 20.4
Evocations     | 6 10 | 10.0
Stealth        | 4 |  4.0
Transmutations | 6 |  6.0

Action                     |  1- 3 |  4- 6 |  7- 9 | 10-12 | 13-15 | 16-18 | 19-21 | 22-24 | 25-27 || total
---------------------------+-------+-------+-------+-------+-------+-------+-------+-------+-------++-------
  Melee: Unarmed           |       |       |       |       |       |       |     7 |       |       ||     7
   Fire: Shortbow          |   100 |   208 |   343 |   314 |       |       |       |       |       ||   965
         Orcbow            |       |       |       |   371 |  1808 |  1070 |       |       |       ||  3249
         Longbow           |       |       |       |       |       |   684 |  1367 |  1448 |    35 ||  3534
         Arbalest          |       |       |       |       |       |       |       |    18 |   379 ||   397
  Throw: Dart              |       |       |       |     5 |     7 |    10 |       |       |       ||    22
   Cast: Wereblood         |       |       |       |       |       |       |       |     1 |       ||     1
 Invoke: Recall Ancestor   |       |       |     3 |     6 |     9 |     7 |     1 |     3 |     6 ||    35
         Ancestor Identity |       |       |     1 |       |       |       |       |       |       ||     1
         Ancestor Life: Kn |       |       |     1 |       |       |       |       |       |       ||     1
         Idealise          |       |       |       |     2 |     4 |    15 |     8 |     9 |     7 ||    45
         Transference      |       |       |       |       |     1 |       |       |       |       ||     1
  Evoke: Wand              |       |       |       |       |     3 |     5 |       |     2 |     6 ||    16
         Phial of floods   |       |       |       |       |       |     1 |       |       |       ||     1
    Use: Scroll            |       |     6 |    10 |     9 |    17 |    11 |     4 |     8 |     8 ||    73
         Potion            |       |     2 |     2 |     2 |       |     2 |       |     1 |     4 ||    13
 Armour: Leather armour    |    13 |    58 |    65 |    18 |       |       |       |       |       ||   154
         Steam dragon scal |       |       |       |   101 |   223 |   283 |    60 |    99 |     7 ||   773
         Ring mail         |       |       |       |       |       |       |     8 |       |    26 ||    34
         Skin              |       |       |       |       |       |       |     1 |       |       ||     1
  Dodge: Dodged            |    20 |    51 |    44 |   178 |   429 |   733 |   226 |   272 |    93 ||  2046
  Block: Other             |       |       |       |       |       |    27 |    14 |    39 |    26 ||   106
         Reflection        |       |       |       |       |       |       |       |     2 |       ||     2

Illustrated notes

Table legend:
 A = Kills in this place as a percentage of kills in the entire game.
 B = Kills by you in this place as a percentage of kills by you in the entire game.
 C = Kills by friends in this place as a percentage of kills by friends in the entire game.
 D = Other kills in this place as a percentage of other kills in the entire game.
 E = Experience gained in this place as a percentage of experience gained in the entire game.
 F = Experience gained in this place divided by the number of levels of this place that you have seen.
                   A       B       C       D       E      F
               +-------+-------+-------+-------+-------+----------------------
         Total | 100.0 | 100.0 | 100.0 | 100.0 | 100.0 | 24875.0
       Dungeon |  16.2 |  15.9 |  18.3 |   0.0 |   5.4 | 4581.7
          Lair |   7.5 |   7.2 |   9.3 |   0.0 |   3.9 | 9935.6
        Shoals |   8.9 |   9.3 |   7.1 |   0.0 |   8.6 | 27314.5
   Spider Nest |  10.7 |  10.1 |  13.6 |   0.0 |   8.0 | 25332.5
  Orcish Mines |   6.0 |   6.2 |   4.9 |   0.0 |   1.1 | 6674.0
   Elven Halls |   8.8 |   9.6 |   4.4 |  22.2 |  10.5 | 44378.3
        Vaults |  18.8 |  18.9 |  17.4 |  55.6 |  24.7 | 62595.2
        Depths |  13.1 |  12.8 |  14.2 |  22.2 |  22.8 | 72208.2
           Zot |   4.6 |   4.1 |   7.4 |   0.0 |  11.6 | 29393.0
         Sewer |   0.2 |   0.2 |   0.0 |   0.0 |   0.0 |   7.0
        Bailey |   1.0 |   1.1 |   0.5 |   0.0 |   0.1 | 1216.0
    Desolation |   4.3 |   4.6 |   3.0 |   0.0 |   3.4 | 43155.0
               +-------+-------+-------+-------+-------+----------------------

Table legend: (Time is in decaauts)
 A = Elapsed time spent in this place.
 B = Non-inter-level travel time spent in this place.
 C = Inter-level travel time spent in this place.
 D = Time resting spent in this place.
 E = Time spent auto-exploring this place.
 F = Levels seen in this place.
 G = Mean time per level.
                   A        B        C        D        E       F      G
               +--------+--------+--------+--------+--------+-----+--------+
         Total |  56606 |  48346 |   8260 |   6185 |  30801 |  51 | 1109.9 |
       Dungeon |  18234 |  14435 |   3799 |    737 |  11082 |  15 | 1215.6 |
        Temple |     26 |     13 |     13 |      0 |      0 |   1 |   26.0 |
          Lair |   5997 |   5271 |    726 |    594 |   3536 |   5 | 1199.4 |
        Shoals |   3280 |   3088 |    192 |    339 |   1981 |   4 |  820.0 |
   Spider Nest |   6291 |   5863 |    428 |   1970 |   2585 |   4 | 1572.8 |
  Orcish Mines |   1920 |   1195 |    725 |     48 |    796 |   2 |  960.0 |
   Elven Halls |   3696 |   3185 |    511 |    330 |   2124 |   3 | 1232.0 |
        Vaults |   7751 |   6715 |   1036 |    575 |   4554 |   5 | 1550.2 |
        Depths |   6041 |   5316 |    725 |    873 |   3349 |   4 | 1510.2 |
           Zot |   1977 |   1876 |    101 |    700 |    181 |   5 |  395.4 |
         Sewer |     54 |     54 |      0 |      0 |     15 |   1 |   54.0 |
        Bailey |    347 |    347 |      0 |     10 |    114 |   1 |  347.0 |
    Desolation |    987 |    987 |      0 |      7 |    483 |   1 |  987.0 |
               +--------+--------+--------+--------+--------+-----+--------+

Top non-repeatable levels by time:
Depths:2: 2121 daAuts
Spider:1: 2095 daAuts
Depths:4: 1846 daAuts
   Elf:3: 1769 daAuts
    D:12: 1723 daAuts
     D:8: 1666 daAuts
Vaults:2: 1610 daAuts
Vaults:5: 1579 daAuts
Vaults:3: 1579 daAuts
     D:9: 1556 daAuts
  Lair:2: 1534 daAuts
Spider:4: 1532 daAuts
Vaults:1: 1530 daAuts
Vaults:4: 1451 daAuts
   Elf:1: 1425 daAuts
